 Dungeon Sprint DCSS version 0.28-a0-233-gb8ca4b6547 (webtiles) character file.

Game seed: 1259840669948356088

1510 tbh1313 the Basher (level 8, -7/81 HPs)
             Began as a Minotaur Berserker on Aug 22, 2021.
             Was a High Priest of Trog.
             Mangled by a two-headed ogre (13 damage)
             ... in the Dungeon (Sprint III: "The Ten Rune Challenge").
             The game lasted 00:03:43 (1573 turns).

tbh1313 the Basher (Minotaur Berserker)             Turns: 1573, Time: 00:03:43

Health: -7/81      AC: 11    Str: 22    XL:     8   Next: 53%
Magic:  7/7        EV: 11    Int:  6    God:    Trog [*****.]
Gold:   26         SH:  0    Dex: 10    Spells: 7/7 levels left

rFire   . . .      SeeInvis .   a - +0 mace
rCold   . . .      Faith    .   (no shield)
rNeg    . . .      Spirit   .   k - +0 chain mail
rPois   .          Reflect  .   (helmet restricted)
rElec   .          Harm     .   (no cloak)
rCorr   .          Rampage  .   (no gloves)
Will    .....      NoTele   +   (no boots)
Stlth   ..........              (no amulet)
HPRegen 0.23/turn               (no ring)
MPRegen 0.10/turn               (no ring)

@: no status effects
A: horns 2, retaliatory headbutt
a: Renounce Religion, Berserk, Trog's Hand, Brothers in Arms


You were in the Dungeon.
You worshipped Trog.
Trog was extremely pleased with you.
You visited 1 branch You collected 26 gold pieces.

Inventory:

Hand Weapons
 a - a +0 mace (weapon)
Armour
 k - a +0 chain mail (worn)
Scrolls
 h - a scroll of blinking
Potions
 c - 2 potions of curing
 d - 2 potions of heal wounds
 e - a potion of haste
 f - 2 potions of magic
 g - a potion of berserk rage
 i - 2 potions of attraction
 m - 4 potions of flight
 n - 6 potions of mutation
Miscellaneous
 b - a box of beasts


   Skills:
 + Level 10.9 Fighting
 - Level 14.0 Maces & Flails
 + Level 10.7 Armour
 + Level 9.8 Dodging


You had 7 spell levels left.
You didn't know any spells.
Your spell library contained the following spells:

 Spells                   Type           Power      Damage    Failure   Level
 Sandblast                Erth           0%         2d4       96%         1
 Shock                    Conj/Air       0%         1d3       96%         1
 Passwall                 Tmut/Erth      0%         N/A       99%         2
 Swiftness                Air            0%         N/A       100%        3
 Airstrike                Air            0%         N/A       100%        4
 Lee's Rapid Deconstruct  Erth           0%         3d5*      100%        5


Dungeon Overview and Level Annotations

Branches:
Dungeon (1/1)

Altars:
Cheibriados
Dithmenos
Elyvilon
Fedhas
Gozag
Hepliaklqana
Kikubaaqudgha
Makhleb
Nemelex Xobeh
Okawaru
Qazlal
Ru
Sif Muna
Trog
Uskayaw
Vehumet
Wu Jian
Xom
Yredelemnul
Zin
The Shining One
Beogh
Jiyva
Lugonu


Innate Abilities, Weirdness & Mutations

You have a pair of horns on your head.
You reflexively headbutt those who attack you in melee.


Message History

The two-headed ogre barely misses you. The two-headed ogre closely misses you.
You thump the two-headed ogre!
The two-headed ogre is lightly wounded.
You sock the two-headed ogre!
The two-headed ogre is moderately wounded.
The two-headed ogre hits you with a +0 giant club!
The two-headed ogre hits you with a +0 giant spiked club.
You hit the two-headed ogre.
The two-headed ogre is moderately wounded.
You sock the two-headed ogre!
The two-headed ogre is moderately wounded.
The two-headed ogre closely misses you. x2
You sock the two-headed ogre! You headbutt the two-headed ogre!
The two-headed ogre is severely wounded.
You thump the two-headed ogre!
The two-headed ogre is severely wounded.
The two-headed ogre hits you with a +0 giant club!
The two-headed ogre barely misses you.
You hit the two-headed ogre. You headbutt the two-headed ogre.
The two-headed ogre is almost dead.
The two-headed ogre hits you with a +0 giant club!
The two-headed ogre hits you with a +0 giant spiked club!
You hit the two-headed ogre.
Your headbutt misses the two-headed ogre.
The two-headed ogre is almost dead.
You barely miss the two-headed ogre.
Your headbutt misses the two-headed ogre.
The two-headed ogre is almost dead.
The two-headed ogre hits you with a +0 giant club!
The two-headed ogre hits you with a +0 giant spiked club!
* * * LOW HITPOINT WARNING * * *
You hit the two-headed ogre but do no damage.
You headbutt the two-headed ogre, but do no damage.
The two-headed ogre is almost dead.
You hit the two-headed ogre.
The two-headed ogre is almost dead.
The two-headed ogre hits you with a +0 giant club!
* * * LOW HITPOINT WARNING * * *
The two-headed ogre hits you with a +0 giant spiked club!
You die...

__)#._# '###)##
[.....# ......#
#####'#
__#...#+###########
__#...#....#.#.#..
__#...##.#..#.##O#
__#..)'##.#.#.##@#
__'...#)..#..#..##
▓▓▓▓▓▓▓▓▓▓▓▓▓▓▓▓▓


You could see a two-headed ogre.

Levels and vault maps discovered:
D:        dungeon_sprint_mu [sprint_mu_entry_cave, sprint_mu_temple_rooms,
          sprint_mu_d1_spiders, sprint_mu_d2_genie, sprint_mu_d3_branching,
          sprint_mu_orc_legion, sprint_mu_elf_gauntlet, sprint_mu_hive_nellie,
          sprint_mu_lair_fedhas, sprint_mu_vaults_butterflies,
          sprint_mu_slime_circle, sprint_mu_shoals_kraken,
          sprint_mu_snake_twists, sprint_mu_blade_basic,
          sprint_mu_crypt_chambers, sprint_mu_tomb_spiral,
          sprint_mu_vestibule_basic, sprint_mu_gehenna_hellfire,
          sprint_mu_dis_giant, sprint_mu_tartarus_statrot,
          sprint_mu_cocytus_islands, sprint_mu_zot1]

Notes
Turn   | Place    | Note
-------+----------+-------------------------------------------
     0 | D        | tbh1313 the Minotaur Berserker began the quest for the Orb.
     0 | D        | Reached XP level 1. HP: 19/19 MP: 0/0
     9 | D        | Reached skill level 4 in Maces & Flails
    11 | D        | Reached skill level 5 in Maces & Flails
    24 | D        | Noticed Jessica
    30 | D        | Killed Jessica
    30 | D        | Reached ** piety under Trog
    31 | D        | Reached skill level 8 in Maces & Flails
    31 | D        | Reached XP level 2. HP: 8/26 MP: 1/1
    31 | D        | Reached XP level 3. HP: 10/31 MP: 2/2
   131 | D        | Killed a hellion
   292 | D        | Reached skill level 9 in Maces & Flails
   425 | D        | Reached *** piety under Trog
   520 | D        | Noticed a water elemental
   529 | D        | Killed a water elemental
   530 | D        | Reached skill level 11 in Maces & Flails
   530 | D        | Reached XP level 4. HP: 21/39 MP: 3/3
   711 | D        | Found a radiant altar of Vehumet.
   711 | D        | Found a shimmering blue altar of Sif Muna.
   711 | D        | Found an ancient bone altar of Kikubaaqudgha.
   711 | D        | Noticed a wizard
   716 | D        | Killed a wizard
   717 | D        | Reached skill level 12 in Maces & Flails
   717 | D        | Reached XP level 5. HP: 45/45 MP: 4/4
   722 | D        | Reached **** piety under Trog
   768 | D        | Found a glowing silver altar of Zin.
   768 | D        | Found a glowing golden altar of the Shining One.
   768 | D        | Found a white marble altar of Elyvilon.
   769 | D        | Noticed a deep elf pyromancer
   770 | D        | Noticed a fire elemental
   778 | D        | Noticed a fire elemental
   778 | D        | Noticed a fire elemental
   778 | D        | Killed a deep elf pyromancer
   779 | D        | Reached skill level 14 in Maces & Flails
   779 | D        | Reached XP level 6. HP: 23/61 MP: 5/5
   779 | D        | Reached XP level 7. HP: 25/67 MP: 6/6
  1011 | D        | Found a hide-covered altar of Uskayaw.
  1011 | D        | Found an iron altar of Okawaru.
  1011 | D        | Found a bloodstained altar of Trog.
  1011 | D        | Found an ornate altar of the Wu Jian Council.
  1011 | D        | Noticed a human
  1011 | D        | Noticed a human
  1026 | D        | Killed a human
  1030 | D        | Killed a human
  1179 | D        | Found a basalt altar of Yredelemnul.
  1179 | D        | Found a shadowy altar of Dithmenos.
  1179 | D        | Found a sacrificial altar of Ru.
  1194 | D        | Reached ***** piety under Trog
  1205 | D        | Noticed a shadow
  1210 | D        | Killed a shadow
  1211 | D        | Reached skill level 10 in Fighting
  1211 | D        | Reached XP level 8. HP: 79/79 MP: 7/7
  1277 | D        | Found a blossoming altar of Fedhas.
  1277 | D        | Found a stormy altar of Qazlal.
  1278 | D        | Found a snail-covered altar of Cheibriados.
  1278 | D        | Found a burning altar of Makhleb.
  1278 | D        | Found a hazy altar of Hepliaklqana.
  1278 | D        | Found a shimmering altar of Xom.
  1278 | D        | Found an opulent altar of Gozag.
  1278 | D        | Found a sparkling altar of Nemelex Xobeh.
  1278 | D        | Found a corrupted altar of Lugonu.
  1278 | D        | Found a viscous altar of Jiyva.
  1289 | D        | Reached skill level 10 in Armour
  1341 | D        | Received a gift from Trog
  1561 | D        | Noticed a two-headed ogre
  1573 | D        | HP: 6/81 [two-headed ogre (11)]
  1573 | D        | Mangled by a two-headed ogre

Table legend: (Time is in decaauts)
 A = Elapsed time spent in this place.
 B = Non-inter-level travel time spent in this place.
 C = Inter-level travel time spent in this place.
 D = Time resting spent in this place.
 E = Time spent auto-exploring this place.
 F = Levels seen in this place.
 G = Mean time per level.
                   A        B        C        D        E       F      G
               +--------+--------+--------+--------+--------+-----+--------+
         Total |   1618 |   1618 |      0 |   1298 |     17 |   1 | 1618.0 |
       Dungeon |   1618 |   1618 |      0 |   1298 |     17 |   1 | 1618.0 |
               +--------+--------+--------+--------+--------+-----+--------+

Top non-repeatable levels by time:
       D: 1618 daAuts

Table legend:
 A = Kills in this place as a percentage of kills in entire the game.
 B = Kills by you in this place as a percentage of kills by you in the entire game.
 C = Kills by friends in this place as a percentage of kills by friends in the entire game.
 D = Other kills in this place as a percentage of other kills in the entire game.
 E = Experience gained in this place as a percentage of experience gained in the entire game.
 F = Experience gained in this place divided by the number of levels of this place that you have seen.
                   A       B       C       D       E      F
               +-------+-------+-------+-------+-------+----------------------
         Total | 100.0 | 100.0 |   N/A |   N/A | 100.0 | 2158.0
       Dungeon | 100.0 | 100.0 |   N/A |   N/A | 100.0 | 2158.0
               +-------+-------+-------+-------+-------+----------------------

Action                   |  1- 3 |  4- 6 |  7- 9 || total
-------------------------+-------+-------+-------++-------
Melee: Mace              |    20 |    16 |    72 ||   108
       Headbutt          |     4 |     1 |     7 ||    12
Invok: Berserk           |     3 |     2 |     3 ||     8
       Trog's Hand       |       |       |     2 ||     2
  Use: Scroll            |     4 |       |       ||     4
Armor: Scale mail        |       |     2 |     3 ||     5
       Chain mail        |       |       |     8 ||     8
Dodge: Dodged            |     4 |     4 |    25 ||    33

Vanquished Creatures
  A deep elf pyromancer (D)
  A shadow (D)
  A spatial vortex (D)
  A necrophage (D)
  3 two-headed ogres (D)
  A water elemental (D)
  A jelly (D)
  Jessica (D)
  A wizard (D)
  A necromancer (D)
  A kobold demonologist (D)
  3 humans (D)
  A wolf (D)
  2 endoplasms (D)
  A rat (D)
20 creatures vanquished.

Vanquished Creatures (others)
  A hellion (D)
1 creature vanquished.

Grand Total: 21 creatures vanquished
